 Dungeon Crawl Stone Soup version 0.28-a0-265-g048bc9fd10 (webtiles) character file.

Game seed: 3553203315177903062

33766 robertstho the Eclecticist (level 14, 0/90 (98) HPs)
             Began as a Djinni Fire Elementalist on Aug 27, 2021.
             Was an Initiate of Gozag.
             Slain by a black mamba (7 damage)
             ... on level 4 of the Lair of Beasts.
             The game lasted 00:39:20 (24604 turns).

robertstho the Eclecticist (DjFE)                  Turns: 24604, Time: 00:39:20

HP:   0/90 (98)     AC: 16    Str: 15    XL:     14   Next: 9%
Gold: 2911          EV: 12    Int: 28    God:    Gozag SH:  0 Dex: 18

rFire   + + .      SeeInvis +   j - +4 glaive "Qaatwih" {chaos, Contam rC+++ Int+7 Dex+3}
rCold   + + .      Faith    .   (shield currently unavailable)
rNeg    . . .      Spirit   .   N - +0 swamp dragon scales
rPois   ∞          Reflect  .   Q - +0 helmet {SInv}
rElec   .          Harm     .   m - scarf {repulsion}
rCorr   +          Rampage  .   a - +1 pair of gloves
Will    +....                   (boots unavailable)
Stlth   +.........              v - amulet of the acrobat
HPRegen 0.25/turn               e - +6 ring of strength
MPRegen 0.00/turn               g - ring "Toulirphi" {Drain rCorr AC+4 Str+2}

@: confused, ambrosia-drunk, gold aura, flying, drained, repel missiles
A: sickness immunity, fire resistance 2, cold vulnerability 1, float, innate
caster, hp casting, extra vitality 1
a: Renounce Religion, Potion Petition, Call Merchant, Bribe Branch


You were on level 4 of the Lair of Beasts.
You worshipped Gozag.
Gozag was most pleased with you.
You visited 3 branches of the dungeon, and saw 17 of its levels.
You also visited: Sewer and Gauntlet.

You collected 3389 gold pieces.
You spent 274 gold pieces at shops.
You paid 204 gold pieces to Gozag.

Inventory:

Hand Weapons
 j - the +4 glaive "Qaatwih" (weapon) {chaos, Contam rC+++ Int+7 Dex+3}
   (You took it off a minotaur in a Gauntlet)

   Each time it hits an enemy it has a different, random effect.
   Int:       It affects your intelligence (+7).
   Dex:       It affects your dexterity (+3).
   rC:        It renders you almost immune to cold.
   Contam:    It causes magical contamination when unequipped.
 s - a +2 dagger of speed
 I - the +5 flail of Living Defence {vorpal, rPois Str+3}
   (You found it on level 6 of the Dungeon)

   It inflicts extra damage upon your enemies.
   Str:       It affects your strength (+3).
   rPois:     It protects you from poison.
Armour
 a - a +1 pair of gloves (worn)
 h - a +2 helmet
 m - a scarf of repulsion (worn)
 q - quicksilver dragon scales
 B - a +0 cloak
 M - a +2 robe of the Archmagi
 N - +0 swamp dragon scales (worn)
 P - a +0 tower shield of reflection
 Q - a +0 helmet of see invisible (worn)
Magical Staves
 r - a staff of fire
Jewellery
 c - a ring of resist corrosion
 e - a +6 ring of strength (left hand)
 g - the ring "Toulirphi" (right hand) {Drain rCorr AC+4 Str+2}
   (You acquired it on level 6 of the Dungeon)

   [ring of protection]

   AC:        It affects your AC (+4).
   Str:       It affects your strength (+2).
   rCorr:     It protects you from acid and corrosion.
   Drain:     It drains your maximum health when unequipped.
 u - a ring of positive energy
 v - an amulet of the acrobat (around neck)
 x - a +6 ring of strength
 D - a ring of willpower
 F - a ring of see invisible
 G - a +6 ring of dexterity
 W - the ring of Due Proportion {Fly rElec rF+++ Str-3 Int-5}
   (You found it on level 2 of the Lair of Beasts)

   [ring of flight]

   Str:       It affects your strength (-3).
   Int:       It affects your intelligence (-5).
   rF:        It renders you almost immune to fire.
   rElec:     It insulates you from electricity.
   Fly:       It grants you flight.
 Y - a ring of ice
Wands
 n - a wand of charming (11)
 p - a wand of paralysis (8)
 y - a wand of polymorph (15)
 z - a wand of flame (24)
 H - a wand of iceblast (15)
Scrolls
 b - a scroll of holy word
 f - 10 scrolls of identify
 i - 13 scrolls of teleportation
 o - 3 scrolls of summoning
 t - 6 scrolls of enchant weapon
 w - 4 scrolls of fog
 C - 2 scrolls of enchant armour
 J - 3 scrolls of torment
 K - a scroll of magic mapping
 R - a scroll of brand weapon
 S - a scroll of fear {unknown}
Potions
 d - 2 potions of lignification
 k - 2 potions of haste
 A - 3 potions of brilliance
 E - a potion of flight
 L - 3 potions of might
 T - a potion of invisibility
 U - a potion of cancellation {unknown}
 X - a potion of resistance {unknown}
Miscellaneous
 l - a condenser vane (inert)


   Skills:
 * Level 8.0 Fighting
 + Level 0.1 Maces & Flails
 + Level 6.1 Armour
 + Level 3.4 Dodging
 + Level 4.4 Stealth
 * Level 15.1 Spellcasting


You had 7 spell levels left.
You knew the following spells:

 Your Spells              Type           Power      Damage    Failure   Level
a - Foxfire               Conj/Fire      100%       2x1d9     0%          1
b - Conjure Flame         Conj/Fire      81%        6-21      1%          3
c - Inner Flame           Hex/Fire       81%        N/A       1%          3
d - Sticky Flame          Conj/Fire      81%        2d9       1%          4
e - Fireball              Conj/Fire      40%        3d16      1%          5
f - Pain                  Necr           100%       1d9       0%          1
g - Searing Ray           Conj           100%       3d7       0%          2
h - Confusing Touch       Hex            81%        N/A       1%          3
i - Dispel Undead         Necr           81%        3d26      1%          4
j - Metabolic Englaciati  Hex/Ice        40%        N/A       1%          5
k - Lightning Bolt        Conj/Air       40%        1d59      1%          5
Your spell library was empty.

Dungeon Overview and Level Annotations

Branches:
Dungeon (12/15)            Temple (1/1) D:7            Lair (4/6) D:11
 Shoals (0/4) Lair:3        Snake (0/4) Lair:3          Orc (0/2) D:11
  Sewer (visited)         Gauntlet (visited)

Altars:
Ashenzari
Cheibriados
Dithmenos
Elyvilon
Fedhas
Gozag
Hepliaklqana
Kikubaaqudgha
Makhleb
Nemelex Xobeh
Okawaru
Qazlal
Ru
Sif Muna
Trog
Uskayaw
Vehumet
Wu Jian
Xom
Yredelemnul
Zin
The Shining One

Shops:
D:6 [**[   D:9 :

Annotations:
D:4 2 transporters, Dittersdorf's ghost, amateur GrFi
D:6 1204 steam dragon armour
Lair:4 Josephine


Innate Abilities, Weirdness & Mutations

You are immune to sickness and miasma.
You are immune to poison.
Your flesh is very heat resistant. (rF++)
You are vulnerable to cold. (rC-)
You float through the air rather than walking.
You learn spells naturally, not from books.
Your magical power is your life essence.
You have superior vitality. (+4 HP)


Message History

Josephine burns!
Casting: Sticky Flame (safe; 1% risk of failure)
Confirm with . or Enter, or press ? or * to list all spells.
Aiming: Dispel Undead (safe; 1% risk of failure)
Press: ? - help, Shift-Dir - straight line, f - wraith, p - Josephine
Aim: a wraith (severely damaged, 100% to hit)
The wraith is dispelled!!!
You destroy the wraith!
* * * LOW HITPOINT WARNING * * *
Josephine burns!
Josephine gestures at you while chanting.
The ghostly flame explodes!
The ghostly fireball engulfs you!!
You feel drained.
* * * LOW HITPOINT WARNING * * *
The ghostly fireball engulfs Josephine.
Josephine completely resists.
Okay, then.
You are confused.
You feel invigorated.
Josephine burns!
Josephine hits you with a +0 dagger.
* * * LOW HITPOINT WARNING * * *
You're too confused to move!
Josephine burns!
Josephine hits you with a +0 dagger.
* * * LOW HITPOINT WARNING * * *
You're too confused to move!
Josephine burns!
Josephine stops burning.
The black mamba bites you.
* * * LOW HITPOINT WARNING * * *
The black mamba closely misses you. The bullfrog barely misses you.
Josephine closely misses you. The black mamba closely misses you.
You barely miss Josephine.
Josephine is severely wounded.
The black mamba bites you!
* * * LOW HITPOINT WARNING * * *
The black mamba bites you but does no damage.
The bullfrog is distracted by your dazzling golden aura.
Josephine barely misses you.
The black mamba bites you but does no damage.
The bullfrog croaks.
You bump into the rock wall.
The black mamba bites you!
You die...
Your body crumbles into a pile of gold.

........................
P.......P###.##.........
P.P#....########...###..
.###....###..###....#
.##.....##.....(...## ##
####....##..........# ..#
........##.....#....# ...
..........#..##....###..
#.##.....##.####@..##.#
.###....#####.##S@.#.#
###P............F...##.+..
.##P......................
..........................
....................$..$..
.......................$..
.#....#.#.#............$..
##...########.............


You could see Josephine, a black mamba and a bullfrog.

Vanquished Creatures
  Frances (D:12)
  2 hydras
  A boulder beetle (D:12)
  A death knight (D:12)
  4 two-headed ogres
  Pikel (D:7)
  A manticore (D:12)
  2 cyclopes (D:12)
  Joseph (D:8)
  A merfolk siren (Lair:3)
  4 black mambas
  A smoke demon (Gauntlet)
  A gargoyle (D:11)
  7 cane toads
  2 rime drakes
  Maggie (D:7)
  A kobold demonologist (D:11)
  4 komodo dragons
  2 polar bears
  7 slime creatures
  6 trolls
  3 blink frogs (Lair:3)
  6 shadows
  6 wraiths
  33 yaks
  A basilisk (D:12)
  2 wyverns
  2 steam dragons
  3 nagas (Lair:3)
  2 acid dragons
  3 wargs (D:11)
  6 water moccasins
  8 orc warriors
  A black bear (D:5)
  3 ogres (D:5)
  2 necrophages
  5 centaurs
  4 phantoms
  3 lemures (D:7)
  A kobold brigand (D:8)
  10 bullfrogs
  4 scorpions
  2 wyvern zombies
  3 howler monkeys (D:12)
  8 killer bees
  2 electric eels
  4 wights (D:9)
  A crimson imp (Gauntlet)
  5 centaur zombies
  A bullfrog zombie (D:7)
  3 hounds
  10 orc priests
  Crazy Yiuf (D:2)
  6 jellies
  2 centaur skeletons
  A gnoll shaman (D:5)
  Terence (D:2)
  4 hell rats (Lair:1)
  5 orc wizards
  2 iguanas
  A hound skeleton (D:4)
  4 gnolls (D:5)
  2 howler monkey skeletons
  3 howler monkey zombies
  5 adders
  2 shadow imps
  2 white imps
  An ufetubus (D:5)
  An adder zombie (D:5)
  An adder skeleton (D:5)
  3 worms
  5 dart slugs
  41 orcs
  19 endoplasms
  8 giant cockroaches
  6 goblins
  6 hobgoblins
  10 jackals
  13 kobolds
  7 quokkas
  18 ball pythons
  11 bats
  8 frilled lizards
  9 rats
  2 bushes (Lair:3)
408 creatures vanquished.

Vanquished Creatures (collateral kills)
  A minotaur (Gauntlet)
1 creature vanquished.

Vanquished Creatures (others)
  2 bushes (Lair:2)
  1049 foxfires
  13 fungi
  19 plants
1083 creatures vanquished.

Grand Total: 1492 creatures vanquished

Notes
Turn   | Place    | Note
-------+----------+-------------------------------------------
     0 | D:1      | robertstho the Djinni Fire Elementalist began the quest for
                  | the Orb.
     0 | D:1      | Reached XP level 1. HP: 15/15 MP: 0/0
   247 | D:1      | Reached XP level 2. HP: 12/22 MP: 0/0
   959 | D:1      | Reached XP level 3. HP: 21/26 MP: 0/0
   959 | D:1      | Learned a level 1 spell: Pain
  1056 | D:1      | Reached skill level 3 in Spellcasting
  1800 | D:2      | Noticed Terence
  1822 | D:2      | Killed Terence
  1823 | D:2      | Reached skill level 1 in Fighting
  1823 | D:2      | Reached XP level 4. HP: 15/32 MP: 0/0
  2318 | D:2      | Found a runed translucent door.
  2319 | D:2      | Noticed Crazy Yiuf
  2817 | D:3      | Reached skill level 4 in Spellcasting
  2817 | D:3      | Reached XP level 5. HP: 32/37 MP: 0/0
  2817 | D:3      | Learned a level 2 spell: Searing Ray
  3066 | D:3      | Reached XP level 6. HP: 27/42 MP: 0/0
  3784 | D:4      | Found a transporter.
  3784 | D:4      | Noticed Dittersdorf's ghost (amateur GrFi)
  3903 | D:4      | Found a transporter.
  4032 | D:4      | Reached skill level 5 in Spellcasting
  4497 | D:4      | Reached XP level 7. HP: 44/47 MP: 0/0
  4497 | D:4      | Learned a level 3 spell: Confusing Touch
  4947 | D:2      | Killed Crazy Yiuf
  5075 | D:5      | Entered Level 5 of the Dungeon
  5075 | D:5      | Found a glowing silver altar of Zin.
  5410 | D:5      | Reached skill level 6 in Spellcasting
  5416 | D:5      | Reached XP level 8. HP: 29/53 MP: 0/0
  5575 | D:5      | Found a basalt altar of Yredelemnul.
  5711 | D:5      | Found a burning altar of Makhleb.
  5815 | D:5      | Found a shadowy altar of Dithmenos.
  5914 | D:5      | Found a sparkling altar of Nemelex Xobeh.
  5921 | D:5      | Found an iron altar of Okawaru.
  5921 | D:5      | Found a shimmering altar of Xom.
  5925 | D:5      | Found a broken altar of Ashenzari.
  6218 | D:5      | Reached skill level 7 in Spellcasting
  6549 | D:6      | Found Cyatse's Antique Armour Shoppe.
  6555 | D:6      | Found Bor Tilu's General Store.
  6561 | D:6      | Bought a potion of curing for 33 gold pieces
  6561 | D:6      | Bought a scroll of blinking for 82 gold pieces
  6561 | D:6      | Bought a scroll of identify for 22 gold pieces
  6561 | D:6      | Bought a scroll of amnesia for 38 gold pieces
  6561 | D:6      | Bought 3 scrolls of teleportation for 99 gold pieces
  6591 | D:6      | Identified the +5 flail of Living Defence {vorpal, rPois
                  | Str+3}
  6811 | D:6      | Found Lecepauh's Assorted Antiques.
  6897 | D:6      | Reached XP level 9. HP: 30/59 MP: 0/0
  6897 | D:6      | Learned a level 4 spell: Dispel Undead
  6897 | D:6      | Found Qeropliy's Antique Armour Boutique.
  7152 | D:6      | Found a glowing drain.
  7161 | Sewer    | Entered a sewer
  7381 | Sewer    | Reached skill level 8 in Spellcasting
  8541 | D:6      | Identified a scroll of acquirement
  8542 | D:6      | Acquired the ring "Toulirphi" {Drain rCorr AC+4 Str+2}
  8560 | D:7      | Found a staircase to the Ecumenical Temple.
  8570 | Temple   | Entered the Ecumenical Temple
  8669 | D:7      | Noticed Pikel
  8679 | D:7      | Killed Pikel
  8680 | D:7      | Reached skill level 9 in Spellcasting
  8840 | D:7      | Found a blossoming altar of Fedhas.
  8894 | D:7      | Noticed Maggie
  8900 | D:7      | Killed Maggie
  8901 | D:7      | Reached XP level 10. HP: 33/67 MP: 0/0
  9490 | D:7      | Reached skill level 10 in Spellcasting
  9828 | D:8      | Noticed Joseph
 10976 | D:9      | Found Ynevin's Book Shop.
 11327 | D:9      | Reached skill level 1 in Armour
 11327 | D:9      | Reached skill level 11 in Spellcasting
 11329 | D:9      | Reached XP level 11. HP: 43/73 MP: 0/0
 11329 | D:9      | Learned a level 5 spell: Metabolic Englaciation
 12156 | D:9      | Identified the +1 spear "Ajiloreo" {vorpal, rElec rPois rN+
                  | Int-5}
 12306 | D:10     | Entered Level 10 of the Dungeon
 12319 | D:10     | Noticed a two-headed ogre
 12325 | D:10     | Killed a two-headed ogre
 12758 | D:10     | Reached skill level 5 in Fighting
 13143 | D:8      | Noticed a two-headed ogre
 13152 | D:8      | Killed a two-headed ogre
 13158 | D:8      | Killed Joseph
 13159 | D:8      | Reached skill level 12 in Spellcasting
 13509 | Temple   | Became a worshipper of Gozag Ym Sagoz the Greedy
 13620 | D:8      | Found a white marble altar of Elyvilon.
 14416 | D:10     | Found a snail-covered altar of Cheibriados.
 14416 | D:10     | Found a hide-covered altar of Uskayaw.
 14676 | D:11     | Found a staircase to the Lair.
 15704 | D:11     | Reached XP level 12. HP: 51/82 MP: 0/0
 15938 | D:11     | Noticed a two-headed ogre
 15940 | D:11     | Killed a two-headed ogre
 16289 | D:11     | Found a staircase to the Orcish Mines.
 17510 | D:12     | Noticed a death knight
 17515 | D:12     | Killed a death knight
 17516 | D:12     | Reached skill level 13 in Spellcasting
 17802 | D:12     | Noticed Frances
 17812 | D:12     | Killed Frances
 17813 | D:12     | Reached skill level 5 in Armour
 18246 | D:12     | Noticed a two-headed ogre
 18253 | D:12     | Killed a two-headed ogre
 18254 | D:12     | Reached XP level 13. HP: 33/90 MP: 0/0
 18254 | D:12     | Learned a level 5 spell: Lightning Bolt
 18518 | D:12     | Identified the +1 scale mail of Spring {Str+5 Int-4}
 18691 | D:12     | Noticed a boulder beetle
 18697 | D:12     | Killed a boulder beetle
 18935 | Lair:1   | Entered Level 1 of the Lair of Beasts
 18935 | Lair:1   | Noticed a five-headed hydra
 18951 | Lair:1   | Killed a five-headed hydra
 19305 | Lair:1   | Reached skill level 14 in Spellcasting
 19348 | Lair:1   | You are sucked into a shaft and drop 1 floor!
 19356 | Lair:2   | Found a gate leading to a gauntlet.
 19364 | Gauntlet | Entered a Gauntlet
 19364 | Gauntlet | Found a transporter.
 19364 | Gauntlet | Found a transporter.
 19380 | Gauntlet | Found a transporter.
 19384 | Gauntlet | Found a transporter.
 19394 | Gauntlet | Found a transporter.
 19398 | Gauntlet | Found a transporter.
 19408 | Gauntlet | Found a transporter.
 19429 | Gauntlet | Found a transporter.
 19435 | Gauntlet | Found a transporter.
 19438 | Gauntlet | Found a transporter.
 19455 | Gauntlet | Found a transporter.
 19455 | Gauntlet | Found a transporter.
 19474 | Gauntlet | Noticed a catoblepas
 20466 | Gauntlet | Identified the +2 morningstar "Fakaugye" {chaos, Dex+9}
 20476 | Gauntlet | Identified the +4 glaive "Qaatwih" {chaos, Contam rC+++
                  | Int+7 Dex+3}
 20476 | Gauntlet | Noticed a minotaur
 20495 | Gauntlet | Killed a minotaur
 20620 | Gauntlet | Identified the +3 dagger of the Crushed Beggars {vorpal,
                  | Int+5}
 21212 | Lair:1   | Acquired 968 gold pieces
 22053 | Lair:2   | Identified the ring of Due Proportion {Fly rElec rF+++
                  | Str-3 Int-5}
 23042 | Lair:3   | Found a staircase to the Snake Pit.
 23570 | Lair:3   | Noticed a six-headed hydra
 23575 | Lair:3   | Killed a six-headed hydra
 23966 | Lair:3   | Reached XP level 14. HP: 78/98 MP: 0/0
 24086 | Lair:3   | Found a staircase to the Shoals.
 24324 | Lair:4   | Reached skill level 15 in Spellcasting
 24587 | Lair:4   | Noticed Josephine
 24598 | Lair:4   | HP: 3/90 [Josephine/ghostly fireball (18)]
 24603 | Lair:4   | HP: 4/90 [black mamba (11)]
 24604 | Lair:4   | Slain by a black mamba

Illustrated notes

Levels and vault maps discovered:
D:1:      heliophobic_arrival_henge, layout_rooms
D:2:      minmay_wonky_spiral, layout_rooms, minmay_tall_x, uniq_terence,
          uniq_crazy_yiuf_cottage
D:3:      layout_rooms, grunt_decor_cap
D:4:      layout_gridville, gammafunk_ghost_arena
D:5:      layout_rooms, minitemple, zin_academy, old_standard_altar,
          mainiacjoe_overflow_large_starburst, minmay_puff
D:6:      lemuel_ice_spiral_2, layout_rooms, cheibrodos_sewer_entry_sluice,
          serial_shops, nicolae_shop_stone, nicolae_diamond_shop,
          nicolae_lakefront_shop, shop, minivault_4
D:7:      layout_gridville, fedhas_altar_3, minmay_temple_entry_statues_pillars,
          uniq_pikel, uniq_maggie
D:8:      layout_basic, nicolae_overflow_crystal_walls, uniq_joseph
D:9:      layout_layer_cave, serial_shops, nicolae_diamond_shop
D:10:     layout_basic, chequers_temple_overflow_statue_of_worship
D:11:     layout_irregular_city, erik_lair_orcish_takeover, david_orc_4
D:12:     layout_cave_pods, uniq_frances
Temple:   eino_wide_crystal_templ
Lair:1:   layout_misc_corridors, grunt_megastairs_2
Lair:2:   layout_loops_ring, gauntlet_entry_generic, grunt_megastairs_3
Lair:3:   layout_chaotic_city, minmay_shoals_entry_lonely_mermaid,
          guppyfry_snake_entry_garden
Lair:4:   layout_regular_city, uniq_josephine

Skill      XL: |  1  2  3  4  5  6  7  8  9 10 11 12 13 14 |
---------------+-------------------------------------------+-----
Spellcasting   | 3 4 5 6 7 9 11 12 13 14 15 | 15.1
Fighting       | 1 2 3 4 5 7 8 |  8.0
Stealth        | 2 3 4 |  4.4
Dodging        | 3 |  3.4
Armour         | 1 3 5 6 |  6.1
Maces & Flails | |  0.1

Action                   |  1- 3 |  4- 6 |  7- 9 | 10-12 | 13-15 || total
-------------------------+-------+-------+-------+-------+-------++-------
Melee: Flail             |       |       |       |       |     6 ||     6
       Glaive            |       |       |       |       |     3 ||     3
       Staff             |       |       |       |       |     1 ||     1
 Cast: Foxfire           |   112 |   123 |   347 |    25 |       ||   607
       Sticky Flame      |       |       |     6 |    11 |    19 ||    36
       Fireball          |       |       |     5 |   173 |   116 ||   294
       Metabolic Englaci |       |       |       |    16 |    21 ||    37
       Dispel Undead     |       |       |       |     1 |     8 ||     9
Evoke: Wand              |       |       |       |     1 |       ||     1
       Condenser vane    |       |       |       |       |     1 ||     1
  Use: Scroll            |       |       |    15 |     1 |    12 ||    28
       Potion            |       |       |       |     2 |    11 ||    13
Armor: Robe              |     1 |     5 |     9 |       |       ||    15
       Swamp dragon scal |       |       |       |    10 |    36 ||    46
Dodge: Dodged            |     6 |     4 |    46 |    13 |    45 ||   114
       Repelled          |       |       |       |       |     8 ||     8

Table legend: (Time is in decaauts)
 A = Elapsed time spent in this place.
 B = Non-inter-level travel time spent in this place.
 C = Inter-level travel time spent in this place.
 D = Time resting spent in this place.
 E = Time spent auto-exploring this place.
 F = Levels seen in this place.
 G = Mean time per level.
                   A        B        C        D        E       F      G
               +--------+--------+--------+--------+--------+-----+--------+
         Total |  24611 |  23690 |    921 |   2892 |  18413 |  19 | 1295.3 |
       Dungeon |  18118 |  17359 |    759 |   2283 |  13468 |  12 | 1509.8 |
        Temple |     89 |     43 |     46 |      0 |     30 |   1 |   89.0 |
          Lair |   4367 |   4252 |    115 |    164 |   3752 |   4 | 1091.8 |
         Sewer |    731 |    731 |      0 |      0 |    553 |   1 |  731.0 |
      Gauntlet |   1304 |   1304 |      0 |    445 |    610 |   1 | 1304.0 |
               +--------+--------+--------+--------+--------+-----+--------+

Top non-repeatable levels by time:
    D:12: 2325 daAuts
     D:9: 2142 daAuts
     D:8: 1766 daAuts
    D:11: 1549 daAuts
     D:2: 1546 daAuts
     D:5: 1473 daAuts
  Lair:2: 1461 daAuts
     D:1: 1433 daAuts
  Lair:3: 1361 daAuts
Gauntlet: 1304 daAuts
    D:10: 1298 daAuts
     D:6: 1278 daAuts
  Lair:1: 1255 daAuts
     D:4: 1242 daAuts
     D:7: 1209 daAuts
